 Dungeon Crawl Stone Soup version 0.28-a0-816-gb054d885db (webtiles) character file.

Game seed: 3285803771846374290

11692 emperorscorpion the Cleaver (level 12, -10/88 HPs)
             Began as a Djinni Berserker on Nov 9, 2021.
             Was a High Priest of Trog.
             Killed from afar by a yellow draconian annihilator (51 damage)
             ... with a bolt of lightning
             ... on level 1 of the Abyss.
             The game lasted 00:24:56 (9645 turns).

emperorscorpion the Cleaver (Djinni Berserker)      Turns: 9645, Time: 00:24:56

Health: -10/88     AC: 18    Str: 20    XL:     12   Next: 10%
Gold:   528        EV: 10    Int:  9    God:    Trog [*****.] SH:  0 Dex: 14

rFire   + + .      SeeInvis .   a - +2 battleaxe (vorpal)
rCold   x . .      Faith    .   (shield currently unavailable)
rNeg    . . .      Spirit   .   l - +2 chain mail
rPois   ∞          Reflect  .   w - +0 helmet
rElec   .          Harm     .   (no cloak)
rCorr   .          Rampage  .   o - +2 pair of gloves
Will    +....                   (boots unavailable)
Stlth   ..........              t - amulet of regeneration
HPRegen 1.24/turn               (no ring)
MPRegen 0.00/turn               (no ring)

@: on berserk cooldown, flying, slowed, studying Bows, very slow
A: sickness immunity, fire resistance 2, cold vulnerability 1, float, innate
caster, hp casting, extra vitality 1
a: Renounce Religion, Berserk, Trog's Hand, Brothers in Arms


You were on level 1 of the Abyss.
You worshipped Trog.
Trog was extremely pleased with you.
You visited 1 branch of the dungeon, and saw 10 of its levels.
You visited the Abyss 1 time.
You also visited: Sewer.

You collected 588 gold pieces.
You spent 60 gold pieces at shops.

Inventory:

Hand Weapons
 a - a +2 vorpal battleaxe (weapon)
 b - the +6 whip "Plojy" {speed, rPois rF- Str+3 SInv}
   (You found it on level 4 of the Dungeon)

   Attacks with this weapon are significantly faster.
   Str:       It affects your strength (+3).
   rF:        It makes you vulnerable to fire.
   rPois:     It protects you from poison.
   SInv:      It lets you see invisible.
 e - a +0 spear
 h - a +1 hand axe
 E - a +0 battleaxe
 F - a +1 war axe
Missiles
 g - 21 poisoned darts (quivered)
 n - 2 throwing nets
 u - 22 boomerangs
 C - 2 curare-tipped darts
Armour
 i - a +0 leather armour
 l - a +2 chain mail (worn)
 m - a +0 ring mail
 o - a +2 pair of gloves (worn)
 q - a +0 animal skin
 s - a +0 scale mail
 w - a +0 helmet (worn)
Jewellery
 t - an amulet of regeneration (around neck)
Wands
 A - a wand of iceblast (8)
 B - a wand of flame (32)
 D - a wand of paralysis (6)
 G - a wand of charming (13)
Scrolls
 j - a scroll of magic mapping
 v - a scroll of blinking
 y - 6 scrolls of teleportation
Potions
 c - a potion of cancellation
 d - 3 potions of ambrosia
 f - 4 potions of heal wounds
 k - 8 potions of curing
 p - 3 potions of haste
 r - 3 potions of attraction
 x - 3 potions of lignification
 z - a potion of brilliance {unknown}


   Skills:
 + Level 8.5 Fighting
 + Level 11.7 Axes
 + Level 9.0 Armour
 + Level 4.9 Dodging
 + Level 1.1 Stealth


You couldn't memorise any spells.
You knew the following spells:

 Your Spells              Type           Power      Damage    Failure   Level
a - Sandblast             Erth           0%         2d4       97%         1
b - Corpse Rot            Necr/Air       0%         N/A       99%         2
c - Ozocubu's Armour      Ice            0%         N/A       100%        3
d - Stone Arrow           Conj/Erth      0%         3d7       100%        3
e - Flame Wave            Conj/Fire      0%         3d3       100%        4
Your spell library was empty.


Dungeon Overview and Level Annotations

Branches:
Dungeon (10/15)            Temple (0/1) D:7             Orc (0/2) D:9
  Sewer (visited)
   Lair: D:8-11

Altars:
Cheibriados
Dithmenos
Kikubaaqudgha
Nemelex Xobeh
Okawaru
Beogh

Shops:
D:2 [   D:6 =*!?

Annotations:
D:10 Erolcha


Innate Abilities, Weirdness & Mutations

You are immune to sickness and miasma.
You are immune to poison.
Your flesh is very heat resistant. (rF++)
You are vulnerable to cold. (rC-)
You float through the air rather than walking.
You learn spells naturally, not from books.
Your magical power is your life essence.
You have superior vitality. (+4 HP)


Message History

The smoke demon hits you but does no damage. x2
The smoke demon hits you.
You slash the smoke demon!
The smoke demon is heavily wounded.
You are covered in liquid flames!
The smoke demon misses you.
The smoke demon hits you but does no damage. x2
The smoke demon gestures at you. The sticky flame misses you.
You slash the smoke demon!
The smoke demon is almost dead.
You are covered in liquid flames!
The smoke demon gestures at you.
The ball of steam hits you but does no damage.
You resist.
Unknown command.
You slice the smoke demon!!
You kill the smoke demon!
Trog accepts your kill.
You are covered in liquid flames!
Your Armour skill increases to level 9!
Found a gateway leading deeper into the Abyss.
You see here a +1 pair of gloves.
A yellow draconian annihilator assembles itself!
It is wielding a +0 long sword.
The yellow draconian annihilator roars!
You're still recovering from your berserk rage.
Your ogre goes berserk!
The yellow draconian annihilator gestures wildly while chanting.
The yellow draconian annihilator blinks!
The yellow draconian annihilator casts a spell at you.
The poison arrow hits your ogre!!!
Your ogre looks as sick as possible!
Your ogre dies!
Your ogre's corpse disappears in a puff of smoke!
The yellow draconian annihilator casts a spell at you.
The bolt of lightning hits you!!!
Ouch! That really hurt!
The bolt of lightning hits you!!!
Ouch! That really hurt!
You die...

..## #....# .#
...####......
##.## .........q.
.... .........
.#.. #......#
....###..§...#.##
#......§...... #
##.....@.......
##
#.....#...##...
.##.....##....#
......###....##
.....# ##...#..
.... .#.##>..#..
.... .[........#
...... ...##....
#..##.. #....


You could see a yellow draconian annihilator.

Vanquished Creatures
  A two-headed ogre (D:10)
  A skeletal warrior (D:9)
  Pikel (D:6)
  A mana viper (Abyss:1)
  A large abomination (Abyss:1)
  2 smoke demons (Abyss:1)
  Maggie (D:6)
  A hornet (D:7)
  A small abomination (Abyss:1)
  2 vampires
  5 wraiths (D:9)
  3 fire bats (Abyss:1)
  The ghost of Ska the Ducker, an amateur FeMo of Ignis (D:4)
  A wyvern (D:8)
  10 yaks
  Edmund (D:4)
  3 orc warriors
  A sky beast (D:7)
  Duvessa (D:4)
  An ice beast (D:6)
  A necrophage (D:5)
  2 ogres
  5 centaurs
  4 lemures (D:6)
  Blork the orc (D:6)
  2 bullfrogs
  A gnoll sergeant (D:8)
  2 wyvern zombies
  2 scorpions
  Dowan (D:4)
  16 killer bees
  4 howler monkeys
  2 centaur zombies
  A bullfrog skeleton (D:5)
  A hound (D:5)
  4 gnoll shamans
  5 orc priests
  A centaur skeleton (D:7)
  An iron imp (Abyss:1)
  Terence (D:2)
  2 iguanas (D:6)
  11 orc wizards
  2 merfolk sirens (Sewer)
  A merfolk avatar (Sewer)
  2 hound skeletons
  A howler monkey zombie (D:7)
  A howler monkey skeleton (D:4)
  23 gnolls
  10 adders
  3 river rats (Sewer)
  A shadow imp (D:6)
  2 white imps (D:5)
  2 ufetubi
  2 worms (D:2)
  A dart slug (D:1)
  52 orcs
  5 endoplasms
  5 giant cockroaches
  8 goblins
  3 hobgoblins
  11 quokkas
  8 ball pythons
  5 bats
  8 frilled lizards
  5 kobolds
  26 rats
296 creatures vanquished.

Vanquished Creatures (collateral kills)
  A rakshasa (D:9)
  A wyvern (D:9)
  A howler monkey (D:9)
3 creatures vanquished.

Grand Total: 299 creatures vanquished

Notes
Turn   | Place    | Note
-------+----------+-------------------------------------------
     0 | D:1      | emperorscorpion the Djinni Berserker began the quest for
                  | the Orb.
     0 | D:1      | Reached XP level 1. HP: 20/20 MP: 0/0
   264 | D:1      | Reached XP level 2. HP: 25/25 MP: 0/0
   450 | D:1      | Found a faded altar of an unknown god.
  1648 | D:2      | Reached XP level 3. HP: 29/30 MP: 0/0
  1648 | D:2      | Learned a level 1 spell: Sandblast
  1725 | D:2      | Found Raifidih's Armour Emporium.
  1774 | D:2      | Noticed Terence
  1781 | D:2      | Killed Terence
  1782 | D:2      | Reached skill level 3 in Axes
  1782 | D:2      | Reached XP level 4. HP: 37/37 MP: 0/0
  1960 | D:2      | You are sucked into a shaft and drop 2 floors!
  1964 | D:4      | Noticed Edmund
  1979 | D:3      | Reached ** piety under Trog
  2167 | D:3      | Reached XP level 5. HP: 39/41 MP: 0/0
  2167 | D:3      | Learned a level 2 spell: Corpse Rot
  3044 | D:3      | Found an iron altar of Okawaru.
  3044 | D:3      | Found a snail-covered altar of Cheibriados.
  3136 | D:3      | Reached XP level 6. HP: 43/47 MP: 0/0
  3445 | D:4      | Reached skill level 4 in Axes
  3495 | D:4      | Noticed Duvessa
  3495 | D:4      | Noticed Dowan
  3504 | D:4      | Killed Duvessa
  3505 | D:4      | Reached XP level 7. HP: 50/52 MP: 0/0
  3505 | D:4      | Learned a level 3 spell: Ozocubu's Armour
  3510 | D:4      | Killed Dowan
  3622 | D:4      | Identified the +6 whip "Plojy" {speed, rPois rF- Str+3
                  | SInv}
  3666 | D:4      | Killed Edmund
  3746 | D:4      | Reached skill level 5 in Axes
  3748 | D:4      | Reached *** piety under Trog
  3752 | D:4      | Reached XP level 8. HP: 58/58 MP: 0/0
  3756 | D:4      | Reached skill level 5 in Armour
  3796 | D:4      | Found a runed translucent gate.
  4016 | D:4      | Found a runed translucent gate.
  4016 | D:4      | Noticed Ska's ghost (amateur FeMo)
  4017 | D:4      | Found a runed translucent gate.
  4018 | D:4      | Identified the +7 short sword "Vasux" {pain, rPois Str+5}
  4044 | D:4      | Killed Ska's ghost
  4106 | D:5      | Entered Level 5 of the Dungeon
  4115 | D:5      | Found a shadowy altar of Dithmenos.
  4185 | D:5      | Reached skill level 5 in Fighting
  4274 | D:5      | Noticed a vampire
  4285 | D:5      | Killed a vampire
  4286 | D:5      | Reached skill level 6 in Axes
  4334 | D:5      | Noticed a yak
  4336 | D:5      | Noticed a yak
  4336 | D:5      | Noticed a yak
  4336 | D:5      | Noticed a yak
  4338 | D:5      | Noticed a yak
  4346 | D:5      | Killed a yak
  4346 | D:5      | Killed a yak
  4347 | D:5      | Reached XP level 9. HP: 65/65 MP: 0/0
  4347 | D:5      | Learned a level 3 spell: Stone Arrow
  4356 | D:5      | Reached skill level 7 in Axes
  4494 | D:5      | Reached skill level 1 in Stealth
  4535 | D:5      | Found a sparkling altar of Nemelex Xobeh.
  4638 | D:5      | Reached **** piety under Trog
  4725 | D:6      | Found a glowing drain.
  4742 | Sewer    | Entered a sewer
  4864 | Sewer    | Reached ***** piety under Trog
  5373 | D:6      | Noticed Maggie
  5386 | D:6      | Killed Maggie
  5387 | D:6      | Reached skill level 8 in Axes
  5387 | D:6      | Reached XP level 10. HP: 73/73 MP: 0/0
  5407 | D:6      | Identified the +3 pair of boots of the Pleiades {+Blink}
  5755 | D:6      | Noticed Blork the orc
  5759 | D:6      | Killed Blork the orc
  5799 | D:6      | Found Niskut's Distillery.
  5799 | D:6      | Found Woces's Magic Scroll Shoppe.
  5802 | D:6      | Found Isaeh's Jewellery Shoppe.
  5807 | D:6      | Found Kodoamm's General Store.
  5810 | D:6      | Bought 2 potions of curing for 60 gold pieces
  6251 | D:6      | Noticed Pikel
  6273 | D:6      | Killed Pikel
  6274 | D:6      | Reached skill level 9 in Axes
  6443 | D:7      | Received a gift from Trog
  7442 | D:7      | Found a staircase to the Ecumenical Temple.
  8360 | D:8      | Reached XP level 11. HP: 73/79 MP: 0/0
  8360 | D:8      | Learned a level 4 spell: Flame Wave
  8558 | D:9      | Reached skill level 10 in Axes
  8693 | D:9      | Noticed a rakshasa
  8717 | D:9      | Killed a rakshasa
  8765 | D:9      | Received a gift from Trog
  8829 | D:9      | Found a staircase to the Orcish Mines.
  9066 | D:9      | Reached skill level 11 in Axes
  9364 | D:9      | Noticed a skeletal warrior
  9380 | D:9      | Killed a skeletal warrior
  9454 | D:9      | Found the +5 scythe "Finisher" {speed, eviscerate}
  9485 | D:10     | Entered Level 10 of the Dungeon
  9488 | D:10     | Noticed Erolcha
  9488 | D:10     | Noticed a two-headed ogre
  9503 | D:10     | Killed a two-headed ogre
  9506 | D:10     | Cast into level 1 of the Abyss (Erolcha)
  9561 | Abyss:1  | Noticed a mana viper
  9574 | Abyss:1  | Killed a mana viper
  9603 | Abyss:1  | Noticed a large abomination
  9614 | Abyss:1  | Killed a large abomination
  9615 | Abyss:1  | Reached XP level 12. HP: 88/88 MP: 0/0
  9643 | Abyss:1  | Noticed a yellow draconian annihilator
  9645 | Abyss:1  | Killed from afar by a yellow draconian annihilator

Illustrated notes

Levels and vault maps discovered:
D:1:      wheals_arrival_linesprint, layout_basic,
          hellmonk_ecumenical_altar_crossroads
D:2:      layout_rooms, basic_altar, serial_shops, nicolae_square_shop,
          serial_corexii_hall, chequers_hall_statues_corner_a,
          chequers_hall_statues_corner_a, uniq_terence
D:3:      layout_basic, chequers_temple_overflow_statue_of_worship
D:4:      layout_rooms, biasface_ghost_orc_armoury,
          chequers_serial_rivers_room_b, uniq_duvessa, uniq_edmund
D:5:      layout_cave_pools, mainiacjoe_overflow_large_starburst
D:6:      layout_layer_cave, gup_sewer_entry_pipe, nrook_pool_corridor,
          minmay_shop_grid_forest, uniq_blork_the_orc, uniq_pikel, uniq_maggie
D:7:      layout_layer_cave, lemuel_temple_firewalk_b
D:8:      layout_gridville, minmay_manual_mail
D:9:      minmay_distorted_concentric_squares, layout_loops_ring, orc_0_dummy,
          minmay_guarded_unrand_finisher
D:10:     layout_cave_pods, serial_shops, nicolae_lakefront_shop, uniq_erolcha,
          uniq_maurice
Abyss:1:  base:
D:6

Skill      XL: |  1  2  3  4  5  6  7  8  9 10 11 12 |
---------------+-------------------------------------+-----
Axes           | 3 4 5 6 8 9 11 | 11.7
Dodging        | 3 4 |  4.9
Fighting       | 4 5 6 7 8 |  8.5
Armour         | 3 4 5 6 7 8 9 |  9.0
Stealth        | 1 |  1.1

Action                   |  1- 3 |  4- 6 |  7- 9 | 10-12 || total
-------------------------+-------+-------+-------+-------++-------
Melee: Hand axe          |    79 |   114 |       |       ||   193
       War axe           |       |     7 |   316 |   291 ||   614
       Battleaxe         |       |       |       |   229 ||   229
Invok: Berserk           |     4 |     6 |    10 |     9 ||    29
       Brothers in Arms  |       |       |       |     2 ||     2
       Trog's Hand       |       |       |       |     1 ||     1
  Use: Scroll            |       |     7 |     5 |     7 ||    19
Armor: Animal skin       |    16 |       |       |       ||    16
       Leather armour    |     4 |     8 |       |       ||    12
       Ring mail         |       |     2 |       |       ||     2
       Scale mail        |       |    26 |       |       ||    26
       Chain mail        |       |    21 |   216 |   408 ||   645
Dodge: Dodged            |    35 |    72 |   160 |   331 ||   598

Table legend: (Time is in decaauts)
 A = Elapsed time spent in this place.
 B = Non-inter-level travel time spent in this place.
 C = Inter-level travel time spent in this place.
 D = Time resting spent in this place.
 E = Time spent auto-exploring this place.
 F = Levels seen in this place.
 G = Mean time per level.
                   A        B        C        D        E       F      G
               +--------+--------+--------+--------+--------+-----+--------+
         Total |  10037 |   9298 |    739 |    467 |   6643 |  12 |  836.4 |
       Dungeon |   9407 |   8668 |    739 |    467 |   6281 |  10 |  940.7 |
         Abyss |    169 |    169 |      0 |      0 |     80 |   1 |  169.0 |
         Sewer |    460 |    460 |      0 |      0 |    282 |   1 |  460.0 |
               +--------+--------+--------+--------+--------+-----+--------+

Top non-repeatable levels by time:
     D:1: 1670 daAuts
     D:6: 1331 daAuts
     D:7: 1262 daAuts
     D:3: 1111 daAuts
     D:9: 1027 daAuts
     D:8: 868 daAuts
     D:2: 787 daAuts
     D:4: 735 daAuts
     D:5: 594 daAuts
   Sewer: 460 daAuts
 Abyss:1: 169 daAuts
    D:10: 18 daAuts
